 Dungeon Crawl Stone Soup version 0.26-a0-1126-g3318b609a0 (webtiles) character file.

Game seed: 6136839612411255370

54 stormannn the Stinger (level 3, 0/21 HPs)
             Began as an Octopode Venom Mage on Dec 17, 2020.
             Slain by a kobold (3 damage)
             ... on level 2 of the Dungeon.
             The game lasted 00:02:17 (1724 turns).

stormannn the Stinger (Octopode Venom Mage)         Turns: 1724, Time: 00:02:17

Health: 0/21       AC:  1    Str:  7    XL:     3   Next: 91%
Magic:  0/6        EV: 13    Int: 18    God:
Gold:   44         SH:  0    Dex: 12    Spells: 6/7 levels left

rFire    . . .     SeeInvis +   (no weapon)
rCold    . . .     Faith    .   (no shield)
rNeg     . . .     Spirit   .   (helmet restricted)
rPois    .         Reflect  .   b - amulet of the acrobat
rElec    .         Harm     .   i - ring of stealth
rCorr    .         Rampage  .   j - ring of see invisible
Will     .....                  (no ring)
Stlth    ++++......             (no ring)
HPRegen  0.07/turn              (no ring)
MPRegen  0.10/turn              (no ring)
                                (no ring)
                                (no ring)

@: no status effects
A: almost no armour, stealthy swim, amphibious, 8 rings, constrict 8, camouflage
1, gelatinous body 1
a: no special abilities


You were on level 2 of the Dungeon.
You visited 1 branch of the dungeon, and saw 2 of its levels.

You collected 44 gold pieces.

Inventory:

Missiles
 a - 2 curare-tipped darts
 g - 14 poisoned darts
Jewellery
 b - an amulet of the acrobat (around mantle)
 i - a ring of stealth (left tentacle)
 j - a ring of see invisible (right tentacle)
Scrolls
 c - 4 scrolls of remove curse {unknown}
 d - 2 scrolls of teleportation {unknown}
 f - 4 scrolls of identify {unknown}
 k - a scroll of amnesia {unknown}
 l - a scroll of enchant armour {unknown}
 m - a scroll of noise {unknown}
Potions
 e - 2 potions of haste {unknown}
 h - 2 potions of curing {unknown}


   Skills:
 + Level 2.3 Dodging
 + Level 3.2 Stealth
 * Level 2.6 Spellcasting
 + Level 1.5 Transmutations
 + Level 4.3 Poison Magic


You had 6 spell levels left.
You knew the following spells:

 Your Spells              Type           Power        Failure   Level
a - Sting                 Tmut/Pois      48%          4%          1

Your spell library contained the following spells:

 Spells                   Type           Power        Failure   Level
 Poisonous Vapours        Pois/Air       20%          11%         2
 Ignite Poison            Fire/Tmut/Pois 9%           22%         3
 Mephitic Cloud           Conj/Pois/Air  7%           28%         3
 Olgreb's Toxic Radiance  Pois           17%          28%         4


Dungeon Overview and Level Annotations

Branches:
Dungeon (2/15)

Altars:


Innate Abilities, Weirdness & Mutations

You cannot wear most types of armour.
You are very stealthy in the water. (Stealth+)
You are amphibious.
You can wear up to eight rings at the same time.
You can use your tentacles to constrict eight enemies at once.
Your skin changes colour to match your surroundings (Stealth+).
Your rubbery body absorbs attacks. (AC +1, EV +1)


Message History

Press: ? - help, Shift-Dir - straight line, f - hobgoblin
Aim: a hobgoblin, wielding a +0 club (moderately wounded, constricted by you, 0% to evade)
The sting hits the hobgoblin.
The hobgoblin is poisoned.
The hobgoblin is heavily wounded.
You constrict the hobgoblin, but do no damage.
The hobgoblin hits you with a +0 club.
* * * LOW HITPOINT WARNING * * *
Casting: Sting (safe; 4% risk of failure)
Confirm with . or Enter, or press ? or * to list all spells.
You don't have enough magic to cast that spell.
You tentacle-slap the hobgoblin but do no damage.
The hobgoblin is severely wounded.
You constrict the hobgoblin, but do no damage.
You kill the hobgoblin!
You barely miss the kobold. You grab the kobold. You constrict the kobold.
The kobold closely misses you.
You tentacle-slap the kobold but do no damage.
The kobold is moderately wounded.
You constrict the kobold. The kobold hits you.
You die...

## #### .. #. ..##+# #.
#.. #.##.# ### #. ...###
#@##.# ##.## #. #g ..#
#K##.## ##.#.###. #. #.#
#.#..(####.###.##. #.
#.###(.....##.## ##.).
#.##..............###.###
#?.....(.##.######.#.##
###########.# ##.## #.#
### #.#


You could see a kobold.

Vanquished Creatures
  2 adders (D:2)
  3 dart slugs (D:1)
  A giant cockroach (D:1)
  5 hobgoblins
  2 jackals (D:1)
  2 kobolds (D:1)
  10 bats
  4 frilled lizards
  4 rats
33 creatures vanquished.

Notes
Turn   | Place    | Note
-------+----------+-------------------------------------------
     0 | D:1      | stormannn the Octopode Venom Mage began the quest for the
                  | Orb.
     0 | D:1      | Reached XP level 1. HP: 11/11 MP: 3/3
   338 | D:1      | Reached skill level 4 in Poison Magic
   338 | D:1      | Reached XP level 2. HP: 12/17 MP: 1/5
   783 | D:1      | Reached XP level 3. HP: 17/21 MP: 1/6
  1724 | D:2      | Slain by a kobold

Illustrated notes

Levels and vault maps discovered:
D:1:      heliophobic_arrival_glass_houses, layout_rooms, amethyst_killhole,
          minmay_small_reverse_x
D:2:      layout_loops_corners, grunt_temple_overflow_opulence,
          marbit_many_paths, uniq_sigmund

Skill      XL: |  1  2 |
---------------+-------+-----
Poison Magic   | 4 |  4.3
Stealth        | 3 |  3.2
Dodging        | |  2.3
Spellcasting   | |  2.6
Transmutations | |  1.5

Action                   || total
-------------------------++-------
Melee: Unarmed           ||    29
       Constrict         ||    11
       Tentacles         ||     3
 Cast: Sting             ||    54
 Stab: Sleeping          ||     1
Armor: Skin              ||    10
Dodge: Dodged            ||    56

Table legend: (Time is in decaauts)
 A = Elapsed time spent in this place.
 B = Non-inter-level travel time spent in this place.
 C = Inter-level travel time spent in this place.
 D = Time resting spent in this place.
 E = Time spent auto-exploring this place.
 F = Levels seen in this place.
 G = Mean time per level.
                   A        B        C        D        E       F      G
               +--------+--------+--------+--------+--------+-----+--------+
         Total |   1722 |   1679 |     43 |    570 |    874 |   2 |  861.0 |
       Dungeon |   1722 |   1679 |     43 |    570 |    874 |   2 |  861.0 |
               +--------+--------+--------+--------+--------+-----+--------+

Top non-repeatable levels by time:
     D:1: 1338 daAuts
     D:2: 384 daAuts
